 Dungeon Crawl Stone Soup version 0.29-a0-352-g0917bc69df (webtiles) character file.

Game seed: 4187031398442244514

52 Zeldest the Grave Robber (level 3, -1/33 HPs)
             Began as a Troll Necromancer on Apr 25, 2022.
             Slain by Sigmund
             ... wielding a +2 vorpal scythe
              (4 damage)
             ... on level 3 of the Dungeon.
             The game lasted 00:05:12 (935 turns).

Zeldest the Grave Robber (Troll Necromancer)         Turns: 935, Time: 00:05:13

Health: -1/33      AC:  4    Str: 16    XL:     3   Next: 60%
Magic:  3/3        EV:  9    Int: 13    God:
Gold:   6          SH:  0    Dex: 10    Spells: 3/4 levels left

rFire   . . .      SeeInvis .     - Unarmed
rCold   . . .      Faith    .   (no shield)
rNeg    . . .      Spirit   .   a - +0 robe
rPois   .          Reflect  .   (helmet restricted)
rElec   .          Harm     .   (no cloak)
rCorr   .          Rampage  .   (gloves unavailable)
Will    .....                   (boots unavailable)
Stlth   +.........              h - amulet of regeneration
HPRegen 1.71/turn               (no ring)
MPRegen 0.08/turn               (no ring)

@: mighty, brilliant
A: large, unfitting armour, claws 3, regeneration 1, shaggy fur 1, tough skin 1
a: no special abilities


You were on level 3 of the Dungeon.
You visited 1 branch of the dungeon, and saw 3 of its levels.

You collected 6 gold pieces.

Inventory:

Missiles
 c - 7 poisoned darts
Armour
 a - a +0 robe (worn)
Jewellery
 h - an amulet of regeneration (around neck)
 i - an amulet of reflection
Scrolls
 d - 2 scrolls of identify {unknown}
 g - 2 scrolls of amnesia {unknown}
 k - a scroll of teleportation {unknown}
 l - a scroll of noise {unknown}
Potions
 b - a potion of magic
 j - a potion of curing {unknown}


   Skills:
 + Level 1.3 Fighting
 - Level 1.5 Dodging
 - Level 1.0 Stealth
 + Level 1.8 Unarmed Combat
 - Level 1.2 Spellcasting
 + Level 3.7 Necromancy


You had 3 spell levels left.
You knew the following spells:

 Your Spells              Type           Power      Damage    Failure   Level
a - Pain                  Necr           60%        1d7       6%          1

Your spell library contained the following spells:

 Spells                   Type           Power      Damage    Failure   Level
 Animate Skeleton         Necr           30%        N/A       6%          1
 Vampiric Draining        Necr           15%        2d7       19%         3
 Animate Dead             Necr           7%         N/A       52%         4
 Agony                    Necr           15%        N/A       86%         5


Dungeon Overview and Level Annotations

Branches:
Dungeon (3/15)

Altars:

Annotations:
D:3 Sigmund


Innate Abilities, Weirdness & Mutations

You are too large for most types of armour.
You have claws for hands.
Your natural rate of healing is unusually fast.
You are covered in fur. (AC +1)
You have tough skin. (AC +1)


Message History

A goblin comes into view. It is wielding a +0 dagger.
The goblin shouts!
There is an open door here.
The goblin hits you but does no damage.
You claw the goblin!
You kill the goblin!
Things that are here:
a +0 dagger; a goblin corpse A quokka comes into view.
The helpless quokka fails to defend itself.
You claw the quokka!
You kill the quokka!
You see here a quokka corpse.
You see here a quokka corpse.
Found a stone staircase leading down.
Sigmund the Dreaded comes into view.
He is wielding a +2 vorpal scythe.
Sigmund shouts!
Sigmund moves out of view.
Sigmund mumbles some strange words.
Sigmund flickers and vanishes!
Deactivating autopickup; reactivate with Ctrl-A.
A magic dart appears from out of thin air!
The magic dart hits you.
It was a potion of brilliance.
You feel clever all of a sudden.
It was a potion of might.
You feel very mighty all of a sudden.
A magic dart appears from out of thin air!
The magic dart hits you. Something hits you!
You barely miss something. Something hits you.
You scratch something but do no damage. You scratch something.
Something hits you but does no damage.
You claw something!
You hear some strange, mumbled words.
A magic dart appears from out of thin air!
The magic dart hits you!
You closely miss something. Your claw misses something. Something hits you!
* * * LOW HITPOINT WARNING * * *
You die...

### #.. #.#
##### #.#
......
###.##......
##....#......
#............
#>....{......
##.##@#......
#..#.#......
##.#.# .....
#.#........
#.#########
#.##....#
#.##.##.#
#.##.##.#
#.†..##.#


There were no monsters in sight!

Vanquished Creatures
  2 adders (D:2)
  A dart slug (D:1)
  2 ball pythons
  3 bats (D:1)
  An endoplasm (D:1)
  3 goblins
  2 hobgoblins (D:1)
  4 jackals (D:1)
  5 kobolds (D:1)
  2 quokkas
  2 frilled lizards (D:1)
  3 rats
30 creatures vanquished.

Notes
Turn   | Place    | Note
-------+----------+-------------------------------------------
     0 | D:1      | Zeldest the Troll Necromancer began the quest for the Orb.
     0 | D:1      | Reached XP level 1. HP: 16/16 MP: 1/1
    43 | D:1      | Reached XP level 2. HP: 26/26 MP: 2/2
   102 | D:1      | Reached skill level 1 in Unarmed Combat
   352 | D:1      | Reached skill level 1 in Fighting
   495 | D:1      | Reached XP level 3. HP: 33/33 MP: 3/3
   818 | D:2      | Identified the +2 buckler of the Weaver {rN+ Str+4 Int+2}
   921 | D:3      | Noticed Sigmund
   935 | D:3      | Slain by Sigmund

Illustrated notes

Levels and vault maps discovered:
D:1:      dpeg_arrival_pond, layout_basic, minmay_tetromino_s4
D:2:      minmay_evil_eye, layout_loops_cross, basic_ecumenical_altar,
          fountainhead
D:3:      layout_basic, uniq_sigmund

Skill      XL: |  1  2 |
---------------+-------+-----
Unarmed Combat | 1 |  1.8
Fighting       | 1 |  1.3
Dodging        | |  1.5
Stealth        | |  1.0
Spellcasting   | |  1.2
Necromancy     | |  3.7

Action                   || total
-------------------------++-------
Melee: Unarmed           ||    83
       Punch             ||     1
  Use: Potion            ||     2
 Stab: Sleeping          ||     2
Armor: Robe              ||    37
Dodge: Dodged            ||    53

Table legend: (Time is in decaauts)
 A = Elapsed time spent in this place.
 B = Non-inter-level travel time spent in this place.
 C = Inter-level travel time spent in this place.
 D = Time resting spent in this place.
 E = Time spent auto-exploring this place.
 F = Levels seen in this place.
 G = Mean time per level.
                   A        B        C        D        E       F      G
               +--------+--------+--------+--------+--------+-----+--------+
         Total |    934 |    934 |      0 |      0 |      0 |   3 |  311.3 |
       Dungeon |    934 |    934 |      0 |      0 |      0 |   3 |  311.3 |
               +--------+--------+--------+--------+--------+-----+--------+

Top non-repeatable levels by time:
     D:1: 721 daAuts
     D:2: 113 daAuts
     D:3: 99 daAuts
